 Dungeon Crawl Stone Soup version 0.26.1-11-gd32895ea62 (webtiles) character file.

Game seed: 10399154464349405947

2177 Eitelfritz the Cleaver (level 9, 0/81 HPs)
             Began as a Deep Dwarf Fighter on May 30, 2021.
             Killed by divine providence
             ... invoked by an orc priest
              (12 damage)
             ... on level 7 of the Dungeon.
             The game lasted 00:13:10 (5245 turns).

Eitelfritz the Cleaver (Deep Dwarf Fighter)         Turns: 5245, Time: 00:13:10

Health: 0/81       AC: 11    Str: 23    XL:     9   Next: 11%
Magic:  8/8        EV:  8    Int:  9    God:
Gold:   316        SH: 11    Dex: 12    Spells: 8/8 levels left

rFire    . . .     SeeInvis .   a - +0 broad axe
rCold    . . .     Faith    .   c - +0 kite shield
rNeg     . . .     Spirit   .   v - +0 chain mail
rPois    .         Reflect  .   g - +0 helmet
rElec    .         Harm     .   (no cloak)
rCorr    .         Rampage  .   (no gloves)
Will     +....                  (no boots)
Stlth    ..........             (no amulet)
HPRegen  0.00/turn              (no ring)
MPRegen  0.11/turn              (no ring)

@: non-regenerating
A: damage resistance, heal wounds, sense surroundings 2, no regeneration
a: Heal Wounds


You were on level 7 of the Dungeon.
You visited 2 branches of the dungeon, and saw 8 of its levels.
You also visited: Ossuary.

You collected 316 gold pieces.

Inventory:

Hand Weapons
 a - a +0 broad axe (weapon)
 j - a +0 hunting sling
 E - a +0 war axe
Missiles
 h - 46 poisoned darts (quivered)
 o - 85 sling bullets
 u - 5 atropa-tipped darts
Armour
 c - a +0 kite shield (worn)
 g - a +0 helmet (worn)
 v - a +0 chain mail (worn)
Wands
 f - a wand of enslavement (11)
 C - a wand of polymorph (5)
Scrolls
 b - a scroll of summoning {unknown}
 i - 6 scrolls of remove curse
 m - a scroll of immolation {unknown}
 p - 2 scrolls of magic mapping {unknown}
 q - 2 scrolls of enchant armour {unknown}
 s - a scroll of random uselessness {unknown}
 y - a scroll of teleportation
 z - a scroll of brand weapon {unknown}
 A - 2 scrolls of fog {unknown}
 D - a scroll of amnesia
Potions
 d - 2 potions of might
 e - a potion of brilliance
 k - 2 potions of curing
 l - 2 potions of lignification
 n - 2 potions of flight
 r - a potion of resistance
 t - 2 potions of magic
 w - a potion of haste {unknown}
 x - a potion of attraction {unknown}
 B - a potion of invisibility {unknown}


   Skills:
 + Level 5.0 Fighting
 + Level 8.2 Axes
 + Level 1.0 Throwing
 + Level 6.2 Armour
 + Level 3.8 Dodging
 + Level 0.1 Stealth
 + Level 6.8 Shields
 + Level 0.2 Evocations


You had 8 spell levels left.
You didn't know any spells.
Your spell library was empty.

Dungeon Overview and Level Annotations

Branches:
Dungeon (7/15)             Temple (1/1) D:5         Ossuary (visited)

Altars:
Dithmenos
Elyvilon
Fedhas
Gozag
Kikubaaqudgha
Okawaru
Qazlal
Sif Muna
Uskayaw
Vehumet
Wu Jian
Xom
Yredelemnul
The Shining One

Shops:
D:6 :

Annotations:
D:5 3 runed translucent doors, danmikkh's ghost, amateur MiBe
D:7 Menkaure


Innate Abilities, Weirdness & Mutations

You are resistant to damage.
You can heal yourself by infusing magical energy.
You passively map the area around you.
You do not regenerate.


Message History

You see here a water moccasin corpse.
E - a +0 broad axe (weapon)
You feel sick.
Adjust to which letter? (? for menu, Esc to quit)
a - a +0 broad axe (weapon);
E - a +0 war axe You start waiting.
You feel sick. x3
You are no longer poisoned.
There is a stone staircase leading down, spattered with blood here.
You climb downwards.
Level annotation: Menkaure The orc hits you but does no damage.
The orc priest invokes the aid of Beogh against you.
Beogh smites you!
* * * LOW HITPOINT WARNING * * *
There is a stone staircase leading up here.
Your chain mail prevents you from hitting the orc.
The orc barely misses you.
The orc priest mumbles some strange prayers to Beogh against you.
Beogh smites you!
You die...

, , ,** ,
...#M..... ,
, , .o#......
, , ,* *
........., *
, #+#........
*, *
#.#......#*
###.#......#
*
#.o.'o.....#
* ** * *
#o#.#......#
,#@#.#......#
,
###.#......#
,* ..#......#
* #.#../...#
*, #.#).....#
* * *
#.#......# ,
*, * * ,,, *
*,, ,, , ,
,** *,


You could see an orc priest and an orc.

Vanquished Creatures
  Pikel (D:4)
  A water moccasin (D:6)
  2 sky beasts (D:6)
  A phantom (D:5)
  An ice beast (D:6)
  A centaur (D:6)
  3 ogres (D:5)
  A scorpion (D:6)
  2 howler monkeys
  A bullfrog zombie (D:6)
  A quasit (D:5)
  2 hounds
  A jelly (D:5)
  2 orc priests (D:6)
  5 orc wizards
  2 iguanas (D:5)
  4 worker ants
  A hound zombie (D:5)
  3 mummies (Ossuary)
  A worker ant zombie (D:6)
  7 adders
  2 shadow imps (D:5)
  A white imp (D:6)
  4 adder zombies (Ossuary)
  A worm (D:2)
  A dart slug (D:1)
  6 leopard geckos
  28 orcs
  5 giant cockroaches
  5 goblins
  5 hobgoblins
  11 jackals
  11 kobolds
  2 quokkas (D:5)
  7 bats
  6 frilled lizards
  3 goblin zombies (Ossuary)
  3 hobgoblin zombies (Ossuary)
  A jackal skeleton (D:6)
  A kobold zombie (Ossuary)
  An orc zombie (Ossuary)
  2 quokka zombies (Ossuary)
  3 rats
  4 rat zombies (Ossuary)
156 creatures vanquished.

Vanquished Creatures (others)
  A jackal (D:2)
  A plant (D:5)
2 creatures vanquished.

Grand Total: 158 creatures vanquished

Notes
Turn   | Place    | Note
-------+----------+-------------------------------------------
     0 | D:1      | Eitelfritz the Deep Dwarf Fighter began the quest for the
                  | Orb.
     0 | D:1      | Reached XP level 1. HP: 20/20 MP: 1/1
    88 | D:1      | Reached XP level 2. HP: 24/27 MP: 2/2
   616 | D:2      | Reached XP level 3. HP: 27/33 MP: 3/3
   769 | D:2      | Reached skill level 3 in Axes
   924 | D:2      | Reached XP level 4. HP: 23/42 MP: 4/4
  1453 | D:3      | Found a stormy altar of Qazlal.
  1576 | D:3      | Found a faded altar of an unknown god.
  1969 | D:4      | Reached XP level 5. HP: 17/49 MP: 5/5
  1989 | D:4      | Reached skill level 4 in Axes
  2008 | D:4      | Reached skill level 1 in Dodging
  2628 | D:4      | Found an ancient bone altar of Kikubaaqudgha.
  2708 | D:4      | Noticed a lemure
  2709 | D:4      | Noticed a lemure
  2709 | D:4      | Noticed a lemure
  2769 | D:5      | Entered Level 5 of the Dungeon
  2805 | D:5      | Found a staircase to the Ecumenical Temple.
  2848 | D:5      | Reached XP level 6. HP: 19/56 MP: 6/6
  2878 | D:5      | Found a sand-covered staircase.
  2883 | Ossuary  | Entered an ossuary
  2896 | Ossuary  | Reached skill level 5 in Axes
  3117 | Temple   | Entered the Ecumenical Temple
  3533 | D:5      | Found a runed translucent gate.
  3533 | D:5      | Found a runed translucent gate.
  3533 | D:5      | Found a runed translucent gate.
  3534 | D:5      | Found an opulent altar of Gozag.
  3535 | D:5      | Noticed danmikkh's ghost (amateur MiBe)
  3576 | D:5      | Reached XP level 7. HP: 35/63 MP: 7/7
  3583 | D:5      | Reached skill level 6 in Axes
  3592 | D:5      | Reached skill level 5 in Shields
  4038 | D:5      | Reached skill level 5 in Armour
  4295 | D:4      | Noticed Pikel
  4334 | D:4      | Killed Pikel
  4335 | D:4      | Reached skill level 7 in Axes
  4335 | D:4      | Reached skill level 1 in Throwing
  4335 | D:4      | Reached XP level 8. HP: 45/73 MP: 8/8
  4820 | D:6      | Reached skill level 8 in Axes
  4842 | D:6      | Found Korrates's Book Shop.
  4950 | D:6      | Gained mutation: You passively map the area around you.
                  | [Deep Dwarf growth]
  4950 | D:6      | Reached XP level 9. HP: 21/80 MP: 8/8
  5046 | D:6      | Reached skill level 5 in Fighting
  5170 | D:7      | Noticed Menkaure
  5245 | D:7      | Killed from afar by an orc priest

Illustrated notes

Levels and vault maps discovered:
D:1:      lemuel_arrival_lava_pool, layout_rooms
D:2:      layout_basic, lemuel_old_faithful
D:3:      layout_loops_ring, nicolae_overflow_hidden_temple,
          chequers_ecumenical_altar_island
D:4:      layout_basic, marbit_many_paths, uniq_pikel
D:5:      corexii_shack_village, layout_basic, minmay_temple_entry_hall,
          enter_ossuary_5, ebering_ghost_gozag
D:6:      layout_gridville, serial_shops, shop
D:7:      layout_basic, grunt_temple_overflow_order_and_chaos_2,
          chequers_serial_rivers_small_3,
          nicolae_dithmenos_through_a_glass_darkly, uniq_joseph,
          uniq_crazy_yiuf_cottage, uniq_menkaure
Temple:   minmay_temple_bridge_abc

Skill      XL: |  1  2  3  4  5  6  7  8  9 |
---------------+----------------------------+-----
Shields        | 4 6 |  6.8
Axes           | 3 4 5 7 8 |  8.2
Fighting       | 3 4 5 |  5.0
Armour         | 4 5 6 |  6.2
Dodging        | 1 2 3 |  3.8
Throwing       | 1 |  1.0
Stealth        | |  0.1
Evocations     | |  0.2

Action                   |  1- 3 |  4- 6 |  7- 9 || total
-------------------------+-------+-------+-------++-------
Melee: War axe           |   125 |   224 |   208 ||   557
       Broad axe         |       |       |     1 ||     1
Throw: Dart              |       |       |     6 ||     6
 Abil: Heal Wounds       |       |       |     2 ||     2
Evoke: Wand              |       |       |     1 ||     1
  Use: Scroll            |       |     8 |     3 ||    11
       Potion            |       |     5 |     1 ||     6
Armor: Scale mail        |    54 |    81 |    59 ||   194
       Chain mail        |       |       |    42 ||    42
Dodge: Dodged            |    52 |    58 |    78 ||   188
Block: Kite shield       |    85 |   106 |   133 ||   324
